Bears vs Canucks

Created - May 16, 2025 at 19:52

Goals
1 2 3 T
Bears 0 0 2 2
Canucks 1 2 2 5
Shots
1 2 3 T
Bears 9 8 9 26
Canucks 14 9 8 31

1st period

1. Canucks , William Lockwood 21 (Aleksi Heponiemi 22, Adam Ollas-Mattsson 42) at 12:31

Penalties :
Jesper Pettersson (Her) for Cross-checking (Minor) at 6:57

2nd period

2. Canucks , Curtis Lazar 35 (Nicolas Petan 69) at 6:18 (PP)
3. Canucks , Curtis Lazar 36 (Nicolas Petan 70) at 6:24

Penalties :
Emil Johansson (Her) for Holding (Minor) at 6:10, Charles Hudon (Abb) for Holding (Minor) at 11:15, Adam Ollas-Mattsson (Abb) for Cross-checking (Minor) at 14:01

3rd period

4. Canucks , Curtis Lazar 37 (C.J. Smith 12, William Lockwood 24) at 1:49
5. Canucks , Mackenzie MacEachern 25 (Trevor Moore 28) at 6:28
6. Bears , Mason Appleton 28 (Mikko Vainonen 42, Tanner Laczynski 41) at 9:28 (PP)
7. Bears , Kirill Maksimov 2 (Vincent Dunn 15) at 11:29

Penalties :
Mackenzie MacEachern (Abb) for High sticking (Minor) at 4:23, Mackenzie MacEachern (Abb) for Slashing (Minor) at 7:30, Adam Ollas-Mattsson (Abb) for Roughing (Minor) at 11:32

Goalie Stats

Garret Sparks (Her), 26 saves from 31 shots - (0.839), L, 36-26-4, 60:00 minutes
Thatcher Demko (Abb), 24 saves from 26 shots - (0.923), W, 40-21-5, 60:00 minutes

Players Stats for Bears

Player Name              G  A  P  +/- PIM S  H  SB GA TA FO     MP     PP MP  PK MP  
------------------------------------------------------------------------------------
                         0  0  0   0  0   0  0  0  0  0  0/0     0:00   0:00   0:00 
                         0  0  0   0  0   0  0  0  0  0  0/0     0:00   0:00   0:00 
                         0  0  0   0  0   0  0  0  0  0  0/0     0:00   0:00   0:00 
                         0  0  0   0  0   0  0  0  0  0  0/0     0:00   0:00   0:00 
                         0  0  0   0  0   0  0  0  0  0  0/0     0:00   0:00   0:00 
                         0  0  0   0  0   0  0  0  0  0  0/0     0:00   0:00   0:00 
                         0  0  0   0  0   0  0  0  0  0  0/0     0:00   0:00   0:00 
Cole Smith               0  0  0  -1  0   1  3  0  0  0  0/1    12:57   0:04   0:00 
Emil Johansson           0  0  0   0  2   2  2  0  1  1  0/0    21:12   3:33   1:15 
Eric Karlsson            0  0  0  -1  0   0  5  0  0  1  0/1    16:28   4:02   0:04 
Isaac Ratcliffe          0  0  0   0  0   0  1  0  0  0  0/0     9:03   0:00   0:00 
Jerry D'Amigo            0  0  0  -1  0   2  3  1  3  0  0/1    20:35   5:49   1:10 
Jesper Pettersson        0  0  0   1  2   0  1  0  0  0  0/0    12:47   0:00   0:00 
Kerby Rychel             0  0  0  -1  0   2  0  0  1  1  0/3    20:57   5:48   1:05 
Kevin Rooney             0  0  0  -1  0   0  2  0  0  0  2/3    13:17   0:04   0:11 
Kirill Maksimov          1  0  1   0  0   1  0  1  0  0  0/0     9:03   0:00   0:00 
Mason Appleton           1  0  1  -1  0   5  2  1  2  0  1/1    16:24   4:02   0:00 
Michael Prapavessis      0  0  0   0  0   0  0  0  0  0  0/0    20:44   3:33   0:57 
Mikko Vainonen           0  1  1  -4  0   1  4  1  1  0  0/0    26:22   6:21   0:52 
Nicholas Caamano         0  0  0  -1  0   1  0  0  1  1  0/0    12:23   0:03   0:00 
Ryan Graves              0  0  0   1  0   0  0  1  0  0  0/0    12:42   0:00   0:00 
Sam Carrick              0  0  0  -1  0   3  3  0  1  0  9/30   19:52   5:48   0:38 
Tanner Laczynski         0  1  1  -1  0   2  0  0  0  0  2/5    17:02   4:02   0:38 
Tommy Vannelli           0  0  0  -4  0   6  2  1  1  1  0/0    26:17   6:21   1:10 
Vincent Dunn             0  1  1   0  0   0  1  0  0  0  0/0     9:46   0:00   0:28 

Players Stats for Canucks

Player Name              G  A  P  +/- PIM S  H  SB GA TA FO     MP     PP MP  PK MP  
------------------------------------------------------------------------------------
                         0  0  0   0  0   0  0  0  0  0  0/0     0:00   0:00   0:00 
                         0  0  0   0  0   0  0  0  0  0  0/0     0:00   0:00   0:00 
                         0  0  0   0  0   0  0  0  0  0  0/0     0:00   0:00   0:00 
                         0  0  0   0  0   0  0  0  0  0  0/0     0:00   0:00   0:00 
                         0  0  0   0  0   0  0  0  0  0  0/0     0:00   0:00   0:00 
                         0  0  0   0  0   0  0  0  0  0  0/0     0:00   0:00   0:00 
                         0  0  0   0  0   0  0  0  0  0  0/0     0:00   0:00   0:00 
Adam Ollas-Mattsson      0  1  1   3  4   1  2  1  1  1  0/0    27:50   1:23   3:22 
Aleksi Heponiemi         0  1  1   1  0   1  1  0  1  1  1/1    10:24   0:01   0:36 
Axel Holmstrom           0  0  0  -1  0   0  1  1  0  1  3/4    19:53   0:55   4:15 
C.J. Smith               0  1  1   1  0   0  0  1  0  0  0/0     9:35   0:00   0:16 
Charles Hudon            0  0  0   0  2   2  2  0  0  1  0/0    11:51   0:01   2:18 
Curtis Lazar             3  0  3   2  0   6  0  0  0  0  0/0    17:42   1:11   0:00 
Dan Renouf               0  0  0   3  0   1  1  1  2  2  0/0    28:21   1:23   5:29 
Daniil Miromanov         0  0  0   1  0   0  0  0  0  1  0/0    21:26   0:44   4:36 
Guillaume Brisebois      0  0  0  -1  0   0  1  0  0  0  0/0    11:26   0:00   2:01 
Juho Lammikko            0  0  0  -1  0   2  1  1  0  1  0/1    13:19   0:55   0:00 
Lane Pederson            0  0  0   0  0   1  2  1  0  0  0/1     6:52   0:00   0:00 
Mackenzie MacEachern     1  0  1   0  4   8  4  0  1  0  0/1    17:21   0:55   2:06 
Nicolas Petan            0  2  2   3  0   3  1  0  0  1  24/34  22:56   1:11   5:08 
Tobias Lindberg          0  0  0   0  0   0  1  0  0  0  0/0     7:18   0:01   0:00 
Trevor Moore             0  1  1   3  0   1  2  1  0  1  3/3    22:57   1:11   5:09 
Will Borgen              0  0  0  -1  0   0  2  0  0  0  0/0    10:47   0:00   0:34 
William Lagesson         0  0  0   1  0   2  1  1  0  1  0/0    20:44   0:44   3:46 
William Lockwood         1  1  2   1  0   3  2  0  0  0  0/0     9:19   0:00   0:00 

3 Stars

1 - Curtis Lazar (Abb)
2 - William Lockwood (Abb)
3 - Nicolas Petan (Abb)

Power Play

Bears - 1 on 5 Attempt(s) - 20.00%
Canucks - 1 on 2 Attempt(s) - 50.00%

Penalty Kill

Bears - 1 on 2 Attempt(s) - 50.00% - Score 0 goal in Penalty Kill
Canucks - 4 on 5 Attempt(s) - 80.00% - Score 0 goal in Penalty Kill

Team Stat

Bears - Hits : 29 - Faceoff Wins : 14 - Blocked Shots : 6 - Penalty Minutes : 4
Canucks - Hits : 24 - Faceoff Wins : 31 - Blocked Shots : 8 - Penalty Minutes : 10

Official

Referees : Corey Syvret and Mitch Dunning
Linesman : Tony Sericolo and Andrew Smith

Game Notes

Curtis Lazar has scored a Hat Trick!

Finance

Level 1 -- Attendance: 1760 (88.00%) -- Ticket Income $123,200
Level 2 -- Attendance: 918 (91.80%) -- Ticket Income $36,720
Total Attendance: 2678 (89.27%)
Total Ticket Income: $159,920
Other Income: $7,996
Total Income: $167,916

Bears

5 vs 5 Forward 
   Center                   Left Wing                Right Wing               Time % Phy DF OF 
 1 Sam Carrick              Kerby Rychel             Jerry D'Amigo            40     1   2  2  
 2 Tanner Laczynski         Eric Karlsson            Mason Appleton           30     1   2  2  
 3 Kevin Rooney             Cole Smith               Nicholas Caamano         20     1   2  2  
 4 Vincent Dunn             Isaac Ratcliffe          Kirill Maksimov          10     1   2  2  

5 vs 5 Defense 
   Defense                  Defense                                           Time % Phy DF OF 
 1 Tommy Vannelli           Mikko Vainonen                                    40     1   2  2  
 2 Michael Prapavessis      Emil Johansson                                    30     1   2  2  
 3 Ryan Graves              Jesper Pettersson                                 20     1   2  2  
 4 Tommy Vannelli           Mikko Vainonen                                    10     1   2  2  

PowerPlay Forward 
   Center                   Left Wing                Right Wing               Time % Phy DF OF 
 1 Sam Carrick              Kerby Rychel             Jerry D'Amigo            60     1   2  2  
 2 Tanner Laczynski         Eric Karlsson            Mason Appleton           40     1   2  2  

PowerPlay Defense
   Defense                  Defense                                           Time % Phy DF OF 
 1 Tommy Vannelli           Mikko Vainonen                                    60     1   2  2  
 2 Michael Prapavessis      Emil Johansson                                    40     1   2  2  

Penalty Kill 4 Players Forward 
   Center                   Wing                     Time % Phy DF OF 
 1 Kerby Rychel             Jerry D'Amigo            60     1   2  2  
 2 Sam Carrick              Tanner Laczynski         40     1   2  2  

Penalty Kill 4 Players Defense
   Defense                  Defense                  Time % Phy DF OF 
 1 Tommy Vannelli           Mikko Vainonen           60     1   2  2  
 2 Michael Prapavessis      Emil Johansson           40     1   2  2  

Penalty Kill - 3 Players Forward 
   Forward                                           Time % Phy DF OF 
 1 Kerby Rychel                                      60     1   2  2  
 2 Jerry D'Amigo                                     40     1   2  2  

Penalty Kill - 3 Players Defense
   Defense                  Defense                  Time % Phy DF OF 
 1 Tommy Vannelli           Mikko Vainonen           60     1   2  2  
 2 Michael Prapavessis      Emil Johansson           40     1   2  2  

4 vs 4 Forward 
   Center                   Wing                     Time % Phy DF OF 
 1 Kerby Rychel             Jerry D'Amigo            60     1   2  2  
 2 Sam Carrick              Tanner Laczynski         40     1   2  2  

4 vs 4 Defense
   Defense                  Defense                  Time % Phy DF OF 
 1 Tommy Vannelli           Mikko Vainonen           60     1   2  2  
 2 Michael Prapavessis      Emil Johansson           40     1   2  2  

Last Minutes Offensive
   Center                   Left Wing                Right Wing               Defense                  Defense                  
   Sam Carrick              Kerby Rychel             Jerry D'Amigo            Tommy Vannelli           Mikko Vainonen           

Last Minutes Defensive
   Center                   Left Wing                Right Wing               Defense                  Defense                  
   Sam Carrick              Kerby Rychel             Jerry D'Amigo            Tommy Vannelli           Mikko Vainonen           

Goaltenders
Starting : Garret Sparks            
Backup : Artyom Zagidulin         

Extra Forwards
Normal : Kevin Rooney, Cole Smith, Vincent Dunn - PP : Kevin Rooney, Cole Smith - PK : Vincent Dunn
Extra Defensemen
Normal : Ryan Graves, Jesper Pettersson, Michael Prapavessis - PP : Ryan Graves - PK : Jesper Pettersson, Michael Prapavessis
Penalty Shots
Kerby Rychel, Jerry D'Amigo, Sam Carrick, Tanner Laczynski, Kevin Rooney
Custom OT Lines Forwards
Kerby Rychel, Jerry D'Amigo, Sam Carrick, Tanner Laczynski, Kevin Rooney, Mason Appleton, Eric Karlsson, Cole Smith, Vincent Dunn, Nicholas Caamano
Custom OT Lines Defensemen
Tommy Vannelli, Mikko Vainonen, Michael Prapavessis, Emil Johansson, Ryan Graves

Scratches
Blake Speers (Healthy), Colby Cave (Healthy), Gianluca Curcuruto (Right Knee Injury), David Farrance (Healthy), Mackenze Stewart (Healthy)
Zack Hayes (Healthy), Mario Ferraro (Healthy), Will Reilly (Healthy), Jakob Stenqvist (Healthy), Tim Gettinger (Healthy)
Arvid Henrikson (Healthy), Jeremy Michel (Healthy)

Canucks

5 vs 5 Forward 
   Center                   Left Wing                Right Wing               Time % Phy DF OF 
 1 Nicolas Petan            Trevor Moore             Curtis Lazar             55     1   2  2  
 2 Axel Holmstrom           Mackenzie MacEachern     Juho Lammikko            30     1   2  2  
 3 Aleksi Heponiemi         C.J. Smith               William Lockwood         10     1   2  2  
 4 Lane Pederson            Charles Hudon            Tobias Lindberg          5      1   2  2  

5 vs 5 Defense 
   Defense                  Defense                                           Time % Phy DF OF 
 1 Adam Ollas-Mattsson      Dan Renouf                                        55     1   2  2  
 2 William Lagesson         Daniil Miromanov                                  30     1   2  2  
 3 Guillaume Brisebois      Will Borgen                                       10     1   2  2  
 4 Adam Ollas-Mattsson      Dan Renouf                                        5      1   2  2  

PowerPlay Forward 
   Center                   Left Wing                Right Wing               Time % Phy DF OF 
 1 Nicolas Petan            Trevor Moore             Curtis Lazar             60     1   2  2  
 2 Axel Holmstrom           Mackenzie MacEachern     Juho Lammikko            40     1   2  2  

PowerPlay Defense
   Defense                  Defense                                           Time % Phy DF OF 
 1 Adam Ollas-Mattsson      Dan Renouf                                        60     1   2  2  
 2 William Lagesson         Daniil Miromanov                                  40     1   2  2  

Penalty Kill 4 Players Forward 
   Center                   Wing                     Time % Phy DF OF 
 1 Nicolas Petan            Trevor Moore             60     1   2  2  
 2 Axel Holmstrom           Mackenzie MacEachern     40     1   2  2  

Penalty Kill 4 Players Defense
   Defense                  Defense                  Time % Phy DF OF 
 1 Adam Ollas-Mattsson      Dan Renouf               60     1   2  2  
 2 William Lagesson         Daniil Miromanov         40     1   2  2  

Penalty Kill - 3 Players Forward 
   Forward                                           Time % Phy DF OF 
 1 Nicolas Petan                                     60     1   2  2  
 2 Axel Holmstrom                                    40     1   2  2  

Penalty Kill - 3 Players Defense
   Defense                  Defense                  Time % Phy DF OF 
 1 Adam Ollas-Mattsson      Dan Renouf               60     1   2  2  
 2 William Lagesson         Daniil Miromanov         40     1   2  2  

4 vs 4 Forward 
   Center                   Wing                     Time % Phy DF OF 
 1 Nicolas Petan            Trevor Moore             60     1   2  2  
 2 Axel Holmstrom           Mackenzie MacEachern     40     1   2  2  

4 vs 4 Defense
   Defense                  Defense                  Time % Phy DF OF 
 1 Adam Ollas-Mattsson      Dan Renouf               60     1   2  2  
 2 William Lagesson         Daniil Miromanov         40     1   2  2  

Last Minutes Offensive
   Center                   Left Wing                Right Wing               Defense                  Defense                  
   Nicolas Petan            Trevor Moore             Curtis Lazar             Adam Ollas-Mattsson      Dan Renouf               

Last Minutes Defensive
   Center                   Left Wing                Right Wing               Defense                  Defense                  
   Nicolas Petan            Trevor Moore             Curtis Lazar             Adam Ollas-Mattsson      Dan Renouf               

Goaltenders
Starting : Thatcher Demko           
Backup : Casey DeSmith            

Extra Forwards
Normal : Axel Holmstrom, Mackenzie MacEachern, C.J. Smith - PP : Axel Holmstrom, Mackenzie MacEachern - PK : Axel Holmstrom
Extra Defensemen
Normal : Daniil Miromanov, Guillaume Brisebois, Will Borgen - PP : Daniil Miromanov - PK : Daniil Miromanov, Guillaume Brisebois
Penalty Shots
Curtis Lazar, Nicolas Petan, Juho Lammikko, Trevor Moore, Axel Holmstrom
Custom OT Lines Forwards
Curtis Lazar, Nicolas Petan, Juho Lammikko, Trevor Moore, Axel Holmstrom, Mackenzie MacEachern, C.J. Smith, William Lockwood, Charles Hudon, Aleksi Heponiemi
Custom OT Lines Defensemen
Adam Ollas-Mattsson, Dan Renouf, William Lagesson, Daniil Miromanov, Guillaume Brisebois

Scratches
Brandon Saigeon (Healthy), Jay O'Brien (Healthy), Jack Rathbone (Healthy), Michael Kesselring (Healthy), Kristian Vesalainen (Healthy)
Simon Bourque (Healthy), Rasmus Asplund (Healthy), Aku Raty (Healthy), Jake Paterson (Healthy), Marek Langhamer (Healthy)

% Time on Ice - Bears

Lines # - Real PCT - Wanted PCT - Time Play
Normal Forward
1 - 33% - 40% - 15:50
2 - 26% - 30% - 12:22
3 - 22% - 20% - 10:44
4 - 19% - 10% - 9:03
Normal Defense
1 - 36% - 40% - 17:26
2 - 34% - 30% - 16:08
3 - 26% - 20% - 12:42
4 - 4% - 10% - 1:43
PP Forward
1 - 59% - 60% - 5:52
2 - 41% - 40% - 4:02
PP Defense
1 - 64% - 60% - 6:21
2 - 36% - 40% - 3:33
PK Forward
1 - 70% - 60% - 1:29
2 - 30% - 40% - 0:38
PK Defense
1 - 59% - 60% - 1:15
2 - 41% - 40% - 0:52
PK3 Forward
1 - 0% - 60%
2 - 0% - 40%
PK3 Defense
1 - 0% - 60%
2 - 0% - 40%
44 Forward
1 - 0% - 60%
2 - 0% - 40%
44 Defense
1 - 0% - 60%
2 - 0% - 40%
Last Minute Offensive  - 0:00
Last Minute Defensive  - 0:00
Total
Forward - 60:00
Defense - 60:00

% Time on Ice - Canucks

Lines # - Real PCT - Wanted PCT - Time Play
Normal Forward
1 - 40% - 55% - 19:24
2 - 26% - 30% - 12:24
3 - 19% - 10% - 9:19
4 - 14% - 5% - 6:52
Normal Defense
1 - 48% - 55% - 22:54
2 - 34% - 30% - 16:19
3 - 18% - 10% - 8:46
4 - 0% - 5% - 0:00
PP Forward
1 - 57% - 60% - 1:12
2 - 43% - 40% - 0:55
PP Defense
1 - 65% - 60% - 1:23
2 - 35% - 40% - 0:44
PK Forward
1 - 73% - 60% - 7:13
2 - 27% - 40% - 2:41
PK Defense
1 - 59% - 60% - 5:53
2 - 41% - 40% - 4:01
PK3 Forward
1 - 0% - 60%
2 - 0% - 40%
PK3 Defense
1 - 0% - 60%
2 - 0% - 40%
44 Forward
1 - 0% - 60%
2 - 0% - 40%
44 Defense
1 - 0% - 60%
2 - 0% - 40%
Last Minute Offensive  - 0:00
Last Minute Defensive  - 0:00
Total
Forward - 60:00
Defense - 60:00

Play-by-Play

1st period


0:01 of 1st period - Nicolas Petan wins face-off versus Sam Carrick in neutral zone.
0:34 of 1st period - Wrist shot by Mason Appleton.
0:34 of 1st period - Stopped by Thatcher Demko with a rebound.
1:57 of 1st period - Michael Prapavessis is hit by Juho Lammikko.
2:07 of 1st period - Wrist shot by Juho Lammikko.
2:07 of 1st period - Stopped by Garret Sparks with a rebound.
3:36 of 1st period - Aleksi Heponiemi is hit by Kevin Rooney and loses puck.
3:57 of 1st period - Snap shot by Lane Pederson.
3:57 of 1st period - Deflect By Charles Hudon.
3:57 of 1st period - Stopped by Garret Sparks with a rebound.
4:01 of 1st period - Snap shot by Charles Hudon.
4:01 of 1st period - Stopped by Garret Sparks with a rebound.
4:03 of 1st period - Slapshot by Dan Renouf.
4:03 of 1st period - Stopped by Garret Sparks without a rebound.
4:04 of 1st period - Sam Carrick wins face-off versus Nicolas Petan in Bears zone.
5:12 of 1st period - Mikko Vainonen is hit by Lane Pederson.
6:57 of 1st period - Minor Penalty to Jesper Pettersson for Cross-checking.
6:58 of 1st period - Nicolas Petan wins face-off versus Kerby Rychel in Bears zone.
7:09 of 1st period - Snap shot by Nicolas Petan.
7:09 of 1st period - Stopped by Garret Sparks with a rebound.
8:50 of 1st period - Axel Holmstrom is hit by Emil Johansson and loses puck.
8:57 of 1st period - Penalty to Jesper Pettersson is over, Jesper Pettersson is back on ice.
10:25 of 1st period - Dan Renouf is hit by Isaac Ratcliffe and loses puck.
10:37 of 1st period - Icing by Mikko Vainonen.
10:38 of 1st period - Mason Appleton wins face-off versus Axel Holmstrom in Bears zone.
11:22 of 1st period - Mikko Vainonen is hit by Trevor Moore and loses puck.
11:27 of 1st period - Slapshot by Nicolas Petan.
11:27 of 1st period - Shot Misses the Net.
11:39 of 1st period - Tobias Lindberg is hit by Mikko Vainonen and loses puck.
12:31 of 1st period - Wrist shot by William Lockwood.
12:31 of 1st period - Goal by William Lockwood - Bears : 0 - Canucks : 1.
12:32 of 1st period - Sam Carrick wins face-off versus Nicolas Petan in neutral zone.
12:40 of 1st period - Snap shot by Sam Carrick.
12:40 of 1st period - Shot Misses the Net.
13:09 of 1st period - Snap shot by Juho Lammikko.
13:09 of 1st period - Stopped by Garret Sparks with a rebound.
13:15 of 1st period - Guillaume Brisebois is hit by Mikko Vainonen and loses puck.
13:22 of 1st period - Snap shot by Mason Appleton.
13:22 of 1st period - Shot Blocked by Juho Lammikko.
13:24 of 1st period - Wrist shot by Mikko Vainonen.
13:24 of 1st period - Shot Misses the Net.
13:26 of 1st period - Slapshot by Tommy Vannelli.
13:26 of 1st period - Stopped by Thatcher Demko with a rebound.
13:28 of 1st period - Slapshot by Mikko Vainonen.
13:28 of 1st period - Shot Misses the Net.
13:30 of 1st period - Backhand shot by Tommy Vannelli.
13:30 of 1st period - Stopped by Thatcher Demko without a rebound.
13:31 of 1st period - Sam Carrick wins face-off versus Nicolas Petan in Canucks zone.
13:32 of 1st period - Backhand shot by Jerry D'Amigo.
13:32 of 1st period - Deflect By Sam Carrick.
13:32 of 1st period - Shot Misses the Net.
13:32 of 1st period - Puck is out of play.
13:33 of 1st period - Sam Carrick wins face-off versus Nicolas Petan in Canucks zone.
14:05 of 1st period - Slapshot by Mackenzie MacEachern.
14:05 of 1st period - Stopped by Garret Sparks with a rebound.
14:07 of 1st period - Snap shot by Mackenzie MacEachern.
14:07 of 1st period - Stopped by Garret Sparks without a rebound.
14:08 of 1st period - Nicolas Petan wins face-off versus Tanner Laczynski in Bears zone.
14:15 of 1st period - Snap shot by Curtis Lazar.
14:15 of 1st period - Deflect By Nicolas Petan.
14:15 of 1st period - Stopped by Garret Sparks with a rebound.
14:17 of 1st period - Snap shot by Trevor Moore.
14:17 of 1st period - Shot Misses the Net.
14:40 of 1st period - Snap shot by Kerby Rychel.
14:40 of 1st period - Stopped by Thatcher Demko without a rebound.
14:41 of 1st period - Sam Carrick wins face-off versus Nicolas Petan in Canucks zone.
14:42 of 1st period - Wrist shot by Kerby Rychel.
14:42 of 1st period - Stopped by Thatcher Demko with a rebound.
14:44 of 1st period - Slapshot by Michael Prapavessis.
14:44 of 1st period - Shot Blocked by Dan Renouf.
14:46 of 1st period - Snap shot by Emil Johansson.
14:46 of 1st period - Deflect By Nicolas Petan.
14:46 of 1st period - Stopped by Thatcher Demko with a rebound.
14:48 of 1st period - Snap shot by Sam Carrick.
14:48 of 1st period - Shot Misses the Net.
14:52 of 1st period - Snap shot by Sam Carrick.
14:52 of 1st period - Stopped by Thatcher Demko without a rebound.
14:53 of 1st period - Trevor Moore wins face-off versus Sam Carrick in Canucks zone.
15:06 of 1st period - Wrist shot by Trevor Moore.
15:06 of 1st period - Stopped by Garret Sparks with a rebound.
15:27 of 1st period - Wrist shot by Mackenzie MacEachern.
15:27 of 1st period - Stopped by Garret Sparks with a rebound.
15:41 of 1st period - Michael Prapavessis is hit by William Lockwood and loses puck.
16:32 of 1st period - Slapshot by Emil Johansson.
16:32 of 1st period - Stopped by Thatcher Demko with a rebound.
16:46 of 1st period - Adam Ollas-Mattsson is hit by Emil Johansson and loses puck.
17:09 of 1st period - Snap shot by Aleksi Heponiemi.
17:09 of 1st period - Shot Misses the Net.
17:15 of 1st period - Snap shot by William Lockwood.
17:15 of 1st period - Stopped by Garret Sparks with a rebound.
17:17 of 1st period - Snap shot by William Lockwood.
17:17 of 1st period - Shot Misses the Net.
17:36 of 1st period - Off-side.
17:37 of 1st period - Nicolas Petan wins face-off versus Sam Carrick in neutral zone.
17:58 of 1st period - Nicolas Petan is hit by Eric Karlsson and loses puck.
18:10 of 1st period - Wrist shot by Mason Appleton.
18:10 of 1st period - Stopped by Thatcher Demko without a rebound.
18:11 of 1st period - Axel Holmstrom wins face-off versus Sam Carrick in Canucks zone.
19:51 of 1st period - Wrist shot by William Lockwood.
19:51 of 1st period - Stopped by Garret Sparks with a rebound.
19:55 of 1st period - Wrist shot by Aleksi Heponiemi.
19:55 of 1st period - Shot Misses the Net.
Goals for this period are 0 for Bears vs 1 for Canucks.
Shots for this period are 9 for Bears vs 14 for Canucks.

2nd period


0:01 of 2nd period - Nicolas Petan wins face-off versus Sam Carrick in neutral zone.
0:03 of 2nd period - Dan Renouf is hit by Tommy Vannelli and loses puck.
0:12 of 2nd period - Wrist shot by Curtis Lazar.
0:12 of 2nd period - Stopped by Garret Sparks with a rebound.
0:14 of 2nd period - Snap shot by Curtis Lazar.
0:14 of 2nd period - Shot Misses the Net.
0:16 of 2nd period - Slapshot by Adam Ollas-Mattsson.
0:16 of 2nd period - Stopped by Garret Sparks without a rebound.
0:17 of 2nd period - Nicolas Petan wins face-off versus Tanner Laczynski in Bears zone.
0:18 of 2nd period - Snap shot by Curtis Lazar.
0:18 of 2nd period - Stopped by Garret Sparks with a rebound.
0:40 of 2nd period - Adam Ollas-Mattsson is hit by Jerry D'Amigo and loses puck.
2:05 of 2nd period - Snap shot by Juho Lammikko.
2:05 of 2nd period - Shot Blocked by Ryan Graves.
2:07 of 2nd period - Wrist shot by Mackenzie MacEachern.
2:07 of 2nd period - Stopped by Garret Sparks with a rebound.
2:09 of 2nd period - Slapshot by Mackenzie MacEachern.
2:09 of 2nd period - Stopped by Garret Sparks without a rebound.
2:10 of 2nd period - Nicolas Petan wins face-off versus Cole Smith in Bears zone.
3:20 of 2nd period - Slapshot by Curtis Lazar.
3:20 of 2nd period - Shot Misses the Net.
3:32 of 2nd period - Slapshot by Kevin Rooney.
3:32 of 2nd period - Shot Blocked by Lane Pederson.
3:34 of 2nd period - Snap shot by Nicholas Caamano.
3:34 of 2nd period - Shot Misses the Net.
3:36 of 2nd period - Snap shot by Cole Smith.
3:36 of 2nd period - Stopped by Thatcher Demko with a rebound.
3:38 of 2nd period - Slapshot by Cole Smith.
3:38 of 2nd period - Shot Misses the Net.
3:40 of 2nd period - Slapshot by Tommy Vannelli.
3:40 of 2nd period - Deflect By Charles Hudon.
3:40 of 2nd period - Stopped by Thatcher Demko with a rebound.
3:50 of 2nd period - Michael Prapavessis is hit by Adam Ollas-Mattsson and loses puck.
4:19 of 2nd period - William Lagesson is hit by Eric Karlsson and loses puck.
4:58 of 2nd period - Jesper Pettersson is hit by Lane Pederson and loses puck.
5:21 of 2nd period - Off-side.
5:22 of 2nd period - Sam Carrick wins face-off versus Nicolas Petan in neutral zone.
5:39 of 2nd period - Tommy Vannelli is hit by Will Borgen and loses puck.
5:46 of 2nd period - Slapshot by Jerry D'Amigo.
5:46 of 2nd period - Shot Misses the Net.
5:48 of 2nd period - Slapshot by Kerby Rychel.
5:48 of 2nd period - Deflect By Sam Carrick.
5:48 of 2nd period - Shot Blocked by Axel Holmstrom.
5:48 of 2nd period - Puck is out of play.
5:49 of 2nd period - Tanner Laczynski wins face-off versus Mackenzie MacEachern in Canucks zone.
6:10 of 2nd period - Minor Penalty to Emil Johansson for Holding.
6:11 of 2nd period - Nicolas Petan wins face-off versus Kerby Rychel in Bears zone.
6:16 of 2nd period - Wrist shot by Curtis Lazar.
6:16 of 2nd period - Shot Blocked by Jerry D'Amigo.
6:18 of 2nd period - Wrist shot by Curtis Lazar.
6:18 of 2nd period - Goal by Curtis Lazar - Bears : 0 - Canucks : 2.
6:19 of 2nd period - Trevor Moore wins face-off versus Sam Carrick in neutral zone.
6:22 of 2nd period - Wrist shot by Curtis Lazar.
6:22 of 2nd period - Deflect By Nicolas Petan.
6:22 of 2nd period - Shot Misses the Net.
6:22 of 2nd period - Puck is out of play.
6:23 of 2nd period - Nicolas Petan wins face-off versus Sam Carrick in Bears zone.
6:24 of 2nd period - Wrist shot by Curtis Lazar.
6:24 of 2nd period - Goal by Curtis Lazar - Bears : 0 - Canucks : 3.
6:25 of 2nd period - Sam Carrick wins face-off versus Nicolas Petan in neutral zone.
6:28 of 2nd period - Wrist shot by Jerry D'Amigo.
6:28 of 2nd period - Stopped by Thatcher Demko with a rebound.
6:30 of 2nd period - Slapshot by Tommy Vannelli.
6:30 of 2nd period - Deflect By Nicolas Petan.
6:30 of 2nd period - Stopped by Thatcher Demko with a rebound.
6:32 of 2nd period - Slapshot by Mikko Vainonen.
6:32 of 2nd period - Shot Blocked by Adam Ollas-Mattsson.
6:34 of 2nd period - Slapshot by Tommy Vannelli.
6:34 of 2nd period - Stopped by Thatcher Demko without a rebound.
6:35 of 2nd period - Nicolas Petan wins face-off versus Kerby Rychel in Canucks zone.
6:38 of 2nd period - Snap shot by Jerry D'Amigo.
6:38 of 2nd period - Deflect By Trevor Moore.
6:38 of 2nd period - Stopped by Thatcher Demko with a rebound.
6:40 of 2nd period - Wrist shot by Mikko Vainonen.
6:40 of 2nd period - Deflect By Sam Carrick.
6:40 of 2nd period - Stopped by Thatcher Demko without a rebound.
6:41 of 2nd period - Nicolas Petan wins face-off versus Sam Carrick in Canucks zone.
7:08 of 2nd period - Juho Lammikko is hit by Eric Karlsson and loses puck.
7:27 of 2nd period - Slapshot by Tanner Laczynski.
7:27 of 2nd period - Stopped by Thatcher Demko without a rebound.
7:28 of 2nd period - Aleksi Heponiemi wins face-off versus Kevin Rooney in Canucks zone.
7:28 of 2nd period - Aleksi Heponiemi is hit by Cole Smith.
7:35 of 2nd period - Off-side.
7:36 of 2nd period - Nicolas Petan wins face-off versus Sam Carrick in neutral zone.
9:01 of 2nd period - Snap shot by Vincent Dunn.
9:01 of 2nd period - Shot Blocked by C.J. Smith.
11:15 of 2nd period - Minor Penalty to Charles Hudon for Holding.
11:16 of 2nd period - Nicolas Petan wins face-off versus Sam Carrick in Canucks zone.
13:15 of 2nd period - Penalty to Charles Hudon is over, Charles Hudon is back on ice.
13:31 of 2nd period - Vincent Dunn is hit by William Lockwood and loses puck.
13:38 of 2nd period - Ryan Graves is hit by Aleksi Heponiemi and loses puck.
13:59 of 2nd period - Wrist shot by Nicholas Caamano.
13:59 of 2nd period - Shot Hit the Post.
14:01 of 2nd period - Minor Penalty to Adam Ollas-Mattsson for Cross-checking.
14:02 of 2nd period - Sam Carrick wins face-off versus Nicolas Petan in Canucks zone.
15:01 of 2nd period - Kerby Rychel is hit by Mackenzie MacEachern and loses puck.
15:18 of 2nd period - Emil Johansson is hit by Dan Renouf and loses puck.
16:01 of 2nd period - Penalty to Adam Ollas-Mattsson is over, Adam Ollas-Mattsson is back on ice.
16:10 of 2nd period - Michael Prapavessis is hit by Mackenzie MacEachern.
16:18 of 2nd period - Michael Prapavessis is hit by Charles Hudon and loses puck.
16:35 of 2nd period - Ryan Graves is hit by Mackenzie MacEachern and loses puck.
17:06 of 2nd period - Snap shot by Mackenzie MacEachern.
17:06 of 2nd period - Shot Blocked by Mikko Vainonen.
17:12 of 2nd period - Axel Holmstrom is hit by Mikko Vainonen.
17:36 of 2nd period - Snap shot by Mackenzie MacEachern.
17:36 of 2nd period - Stopped by Garret Sparks without a rebound.
17:37 of 2nd period - Nicolas Petan wins face-off versus Sam Carrick in Bears zone.
17:42 of 2nd period - Wrist shot by Curtis Lazar.
17:42 of 2nd period - Stopped by Garret Sparks without a rebound.
17:43 of 2nd period - Nicolas Petan wins face-off versus Sam Carrick in Bears zone.
19:37 of 2nd period - Eric Karlsson is hit by Mackenzie MacEachern and loses puck.
19:48 of 2nd period - Aleksi Heponiemi is hit by Mikko Vainonen and loses puck.
Goals for this period are 0 for Bears vs 2 for Canucks.
Shots for this period are 8 for Bears vs 9 for Canucks.

3rd period


0:01 of 3rd period - Nicolas Petan wins face-off versus Sam Carrick in neutral zone.
0:27 of 3rd period - Tommy Vannelli is hit by Adam Ollas-Mattsson and loses puck.
0:32 of 3rd period - Snap shot by Juho Lammikko.
0:32 of 3rd period - Shot Blocked by Tommy Vannelli.
0:34 of 3rd period - Backhand shot by Juho Lammikko.
0:34 of 3rd period - Shot Misses the Net.
0:36 of 3rd period - Slapshot by William Lagesson.
0:36 of 3rd period - Stopped by Garret Sparks with a rebound.
0:38 of 3rd period - Wrist shot by Mackenzie MacEachern.
0:38 of 3rd period - Stopped by Garret Sparks without a rebound.
0:39 of 3rd period - Nicolas Petan wins face-off versus Sam Carrick in Bears zone.
1:04 of 3rd period - Mackenzie MacEachern is hit by Eric Karlsson and loses puck.
1:49 of 3rd period - Snap shot by Curtis Lazar.
1:49 of 3rd period - Goal by Curtis Lazar - Bears : 0 - Canucks : 4.
1:50 of 3rd period - Nicolas Petan wins face-off versus Sam Carrick in neutral zone.
2:01 of 3rd period - Slapshot by Nicolas Petan.
2:01 of 3rd period - Shot Misses the Net.
2:03 of 3rd period - Wrist shot by Nicolas Petan.
2:03 of 3rd period - Stopped by Garret Sparks without a rebound.
2:04 of 3rd period - Tanner Laczynski wins face-off versus Nicolas Petan in Bears zone.
2:13 of 3rd period - Wrist shot by Mason Appleton.
2:13 of 3rd period - Stopped by Thatcher Demko with a rebound.
2:15 of 3rd period - Slapshot by Tommy Vannelli.
2:15 of 3rd period - Deflect By Nicolas Petan.
2:15 of 3rd period - Stopped by Thatcher Demko without a rebound.
2:16 of 3rd period - Nicolas Petan wins face-off versus Sam Carrick in Canucks zone.
3:02 of 3rd period - Michael Prapavessis is hit by Charles Hudon.
3:03 of 3rd period - Icing by Michael Prapavessis.
3:04 of 3rd period - Kevin Rooney wins face-off versus Lane Pederson in Bears zone.
3:04 of 3rd period - Kevin Rooney is hit by Tobias Lindberg.
3:24 of 3rd period - Wrist shot by Lane Pederson.
3:24 of 3rd period - Stopped by Garret Sparks with a rebound.
3:26 of 3rd period - Snap shot by William Lagesson.
3:26 of 3rd period - Deflect By Cole Smith.
3:26 of 3rd period - Stopped by Garret Sparks with a rebound.
3:41 of 3rd period - Snap shot by Nicholas Caamano.
3:41 of 3rd period - Stopped by Thatcher Demko without a rebound.
3:42 of 3rd period - Trevor Moore wins face-off versus Sam Carrick in Canucks zone.
4:12 of 3rd period - Eric Karlsson is hit by Axel Holmstrom and loses puck.
4:23 of 3rd period - Minor Penalty to Mackenzie MacEachern for High sticking.
4:24 of 3rd period - Nicolas Petan wins face-off versus Sam Carrick in Canucks zone.
4:24 of 3rd period - Nicolas Petan is hit by Sam Carrick.
4:36 of 3rd period - Wrist shot by Kerby Rychel.
4:36 of 3rd period - Shot Misses the Net.
4:38 of 3rd period - Wrist shot by Jerry D'Amigo.
4:38 of 3rd period - Shot Misses the Net.
4:40 of 3rd period - Slapshot by Tommy Vannelli.
4:40 of 3rd period - Shot Misses the Net.
4:50 of 3rd period - Trevor Moore is hit by Tommy Vannelli and loses puck.
6:23 of 3rd period - Penalty to Mackenzie MacEachern is over, Mackenzie MacEachern is back on ice.
6:23 of 3rd period - Tommy Vannelli is hit by Nicolas Petan and loses puck.
6:28 of 3rd period - Wrist shot by Mackenzie MacEachern.
6:28 of 3rd period - Goal by Mackenzie MacEachern - Bears : 0 - Canucks : 5.
6:29 of 3rd period - Kevin Rooney wins face-off versus Juho Lammikko in neutral zone.
6:32 of 3rd period - Dan Renouf is hit by Cole Smith and loses puck.
7:26 of 3rd period - Slapshot by Vincent Dunn.
7:26 of 3rd period - Deflect By Nicolas Petan.
7:26 of 3rd period - Shot Misses the Net.
7:26 of 3rd period - Puck is out of play.
7:27 of 3rd period - Axel Holmstrom wins face-off versus Sam Carrick in Canucks zone.
7:27 of 3rd period - Axel Holmstrom is hit by Sam Carrick.
7:30 of 3rd period - Minor Penalty to Mackenzie MacEachern for Slashing.
7:31 of 3rd period - Nicolas Petan wins face-off versus Sam Carrick in Canucks zone.
8:12 of 3rd period - Charles Hudon is hit by Sam Carrick and loses puck.
8:44 of 3rd period - Dan Renouf is hit by Jerry D'Amigo and loses puck.
9:24 of 3rd period - Wrist shot by Tanner Laczynski.
9:24 of 3rd period - Stopped by Thatcher Demko with a rebound.
9:26 of 3rd period - Slapshot by Mikko Vainonen.
9:26 of 3rd period - Stopped by Thatcher Demko with a rebound.
9:28 of 3rd period - Wrist shot by Mason Appleton.
9:28 of 3rd period - Goal by Mason Appleton - Bears : 1 - Canucks : 5.
9:29 of 3rd period - Nicolas Petan wins face-off versus Eric Karlsson in neutral zone.
9:29 of 3rd period - Nicolas Petan is hit by Eric Karlsson.
9:43 of 3rd period - Slapshot by Mason Appleton.
9:43 of 3rd period - Stopped by Thatcher Demko with a rebound.
10:45 of 3rd period - Adam Ollas-Mattsson is hit by Vincent Dunn and loses puck.
11:29 of 3rd period - Wrist shot by Kirill Maksimov.
11:29 of 3rd period - Goal by Kirill Maksimov - Bears : 2 - Canucks : 5.
11:30 of 3rd period - Nicolas Petan wins face-off versus Jerry D'Amigo in neutral zone.
11:32 of 3rd period - Minor Penalty to Adam Ollas-Mattsson for Roughing.
11:33 of 3rd period - Sam Carrick wins face-off versus Nicolas Petan in Canucks zone.
11:41 of 3rd period - Wrist shot by Jerry D'Amigo.
11:41 of 3rd period - Shot Blocked by Trevor Moore.
11:43 of 3rd period - Slapshot by Kerby Rychel.
11:43 of 3rd period - Shot Misses the Net.
11:45 of 3rd period - Backhand shot by Sam Carrick.
11:45 of 3rd period - Stopped by Thatcher Demko with a rebound.
12:10 of 3rd period - Dan Renouf is hit by Mason Appleton and loses puck.
12:34 of 3rd period - Icing by Tanner Laczynski.
12:35 of 3rd period - Axel Holmstrom wins face-off versus Tanner Laczynski in Bears zone.
12:36 of 3rd period - Snap shot by Mackenzie MacEachern.
12:36 of 3rd period - Shot Misses the Net.
12:44 of 3rd period - Mackenzie MacEachern is hit by Mason Appleton and loses puck.
12:59 of 3rd period - Slapshot by Kerby Rychel.
12:59 of 3rd period - Shot Misses the Net.
13:32 of 3rd period - Penalty to Adam Ollas-Mattsson is over, Adam Ollas-Mattsson is back on ice.
14:31 of 3rd period - Wrist shot by William Lockwood.
14:31 of 3rd period - Shot Blocked by Mason Appleton.
14:33 of 3rd period - Slapshot by Guillaume Brisebois.
14:33 of 3rd period - Deflect By Aleksi Heponiemi.
14:33 of 3rd period - Stopped by Garret Sparks with a rebound.
14:47 of 3rd period - Trevor Moore is hit by Cole Smith and loses puck.
15:34 of 3rd period - Tanner Laczynski is hit by Will Borgen and loses puck.
16:06 of 3rd period - Daniil Miromanov is hit by Jerry D'Amigo and loses puck.
17:14 of 3rd period - Michael Prapavessis is hit by Guillaume Brisebois and loses puck.
17:21 of 3rd period - Nicolas Petan is hit by Jesper Pettersson and loses puck.
17:53 of 3rd period - Cole Smith is hit by William Lagesson and loses puck.
18:04 of 3rd period - Daniil Miromanov is hit by Kevin Rooney and loses puck.
18:25 of 3rd period - Snap shot by Nicholas Caamano.
18:25 of 3rd period - Shot Blocked by William Lagesson.
18:41 of 3rd period - Wrist shot by Mackenzie MacEachern.
18:41 of 3rd period - Deflect By Axel Holmstrom.
18:41 of 3rd period - Shot Misses the Net.
18:41 of 3rd period - Puck is out of play.
18:42 of 3rd period - Nicolas Petan wins face-off versus Sam Carrick in Bears zone.
19:08 of 3rd period - Michael Prapavessis is hit by Trevor Moore.
19:44 of 3rd period - Wrist shot by Nicolas Petan.
19:44 of 3rd period - Shot Blocked by Kirill Maksimov.
19:46 of 3rd period - Slapshot by Trevor Moore.
19:46 of 3rd period - Shot Misses the Net.
Goals for this period are 2 for Bears vs 2 for Canucks.
Shots for this period are 9 for Bears vs 8 for Canucks.